 Dungeon Crawl Stone Soup version 0.21.1-1-g345015f (webtiles) character file.

374 Supreme the Magician (level 6, 21/33 HPs)
             Began as a Deep Elf Wizard on Apr 26, 2018.
             Quit the game on level 3 of the Dungeon.
             The game lasted 00:18:34 (2245 turns).

Supreme the Magician (Deep Elf Wizard)              Turns: 2245, Time: 00:18:34

Health: 21/33      AC:  4    Str:  4    XL:     6   Next: 43%
Magic:  17/18      EV: 13    Int: 25    God:
Gold:   127        SH:  0    Dex: 13    Spells: 6/19 levels left

rFire    . . .     SeeInvis .   i - +0 spear
rCold    . . .     Gourm    .   (no shield)
rNeg     . . .     Faith    .   a - +0 robe
rPois    .         Spirit   .   f - +0 helmet
rElec    .         Reflect  .   (no cloak)
rCorr    .         Harm     +   (no gloves)
MR       .....     Rnd*Tele +   t - +0 pair of boots (curse)
Stlth    ++........             u - amulet of harm
HPRegen  0.11/turn              y - ring of teleportation (curse)
MPRegen  0.16/turn              (no ring)

@: no status effects
A: no striking features
a: no special abilities


You were on level 3 of the Dungeon.
You were not hungry.

You visited 1 branch of the dungeon, and saw 3 of its levels.

You collected 127 gold pieces.

Inventory:

Hand Weapons
 i - a +0 spear (weapon)
 w - a +0 hand axe of chopping
 x - a +0 blowgun
Missiles
 g - 87 stones (quivered)
 m - 50 arrows
 s - 8 poisoned needles
Armour
 a - a +0 robe (worn)
 b - a +0 hat
 f - a +0 helmet (worn)
 t - a cursed +0 pair of boots (worn)
Jewellery
 u - an amulet of harm (around neck)
 y - a cursed ring of teleportation (left hand)
Scrolls
 e - 6 scrolls of identify {unknown}
 h - a scroll of enchant weapon {unknown}
 j - a scroll of teleportation {unknown}
 l - a scroll of random uselessness {unknown}
 o - 4 scrolls of enchant armour {unknown}
 q - a scroll of fear {unknown}
 v - a scroll of remove curse {unknown}
Potions
 k - 4 potions of curing {unknown}
 n - a potion of flight {unknown}
 p - 2 potions of heal wounds {unknown}
Books
 c - a book of Minor Magic

   Spells                             Type                      Level
   a - Magic Dart                     Conjuration                  1
   b - Blink                          Translocation                2
   c - Call Imp                       Summoning                    2
   d - Slow                           Hexes                        2
   e - Conjure Flame                  Conjuration/Fire             3
   f - Mephitic Cloud                 Conjuration/Poison/Air       3
Comestibles
 d - 3 rations
 r - 12 chunks of flesh


   Skills:
 + Level 0.6 Fighting
 + Level 1.6 Polearms
 + Level 3.1 Dodging
 + Level 3.6 Stealth
 + Level 7.2 Spellcasting
 + Level 3.3 Conjurations
 + Level 1.1 Summonings
 + Level 1.2 Translocations
 + Level 0.1 Fire Magic


You had 6 spell levels left.
You knew the following spells:

 Your Spells              Type           Power        Failure   Level  Hunger
a - Magic Dart            Conj           ####         1%          1    None
b - Blink                 Tloc           N/A          6%          2    None
c - Call Imp              Summ           ##......     6%          2    None
d - Slow                  Hex            #.......     10%         2    None
e - Conjure Flame         Conj/Fire      ###.....     10%         3    None
f - Mephitic Cloud        Conj/Pois/Air  ##......     12%         3    None


Dungeon Overview and Level Annotations

Branches:
Dungeon (3/15)

Altars:


Message History

Things that are here:
a hand axe; an orc skeleton You now have 127 gold pieces (gained 6).
y - a tubular jade ring Put on which piece of jewellery? (? for menu, Esc to quit)
You feel slightly jumpy.
Oops, that ring feels deathly cold.
y - a cursed ring of teleportation (left hand)
What are your orders? t - Shout!
Orders for allies: a - Attack new target. r - Retreat! s - Stop attacking. g - Guard the area. f - Follow me.
Anything else - Cancel.
Okay, then.
Take off which item? (? for menu, Esc to quit)
Okay, then.
Remove which piece of jewellery? (? for menu, Esc to quit)
Really remove
u - an amulet of harm?
Okay, then.
Are you sure you want to abandon this character and quit the game? (Confirm with "yes".)

#.......##.....
#.......###.###
#######.# #.# #......#
#.# #......###.#
#.......##.#
#..........#
#####.....###..###
#@.............#..
#######............#.#.#
......).......###....#.#
######............#..#.#
#...........##..#..
#......###)..).>.##
#..........##....#
#.....†.....#....#
#......####.######


There were no monsters in sight!

Vanquished Creatures
  The ghost of Verendum the Twirler, an amateur MiGl (D:3)
  Natasha (thrice) (D:2)
  8 adders
  2 dart slugs
  4 worms (D:2)
  3 leopard geckos
  2 orcs (D:3)
  5 giant cockroaches
  3 goblins
  14 hobgoblins
  6 jackals
  2 quokkas (D:2)
  13 bats
  4 frilled lizards (D:2)
  4 kobolds
  11 rats
85 creatures vanquished.

Notes
Turn   | Place    | Note
-------+----------+-------------------------------------------
     0 | D:1      | Supreme the Deep Elf Wizard began the quest for the Orb.
     0 | D:1      | Reached XP level 1. HP: 10/10 MP: 7/7
   145 | D:1      | Reached skill level 5 in Spellcasting
   148 | D:1      | Reached XP level 2. HP: 15/15 MP: 2/10
   229 | D:1      | Learned a level 2 spell: Blink
   232 | D:1      | Learned a level 2 spell: Call Imp
   235 | D:1      | Learned a level 2 spell: Slow
   484 | D:1      | Reached XP level 3. HP: 19/19 MP: 0/12
   489 | D:1      | Learned a level 3 spell: Conjure Flame
   493 | D:1      | Learned a level 3 spell: Mephitic Cloud
  1016 | D:2      | Reached skill level 6 in Spellcasting
  1115 | D:2      | Reached XP level 4. HP: 24/24 MP: 10/14
  1252 | D:2      | Noticed Natasha
  1256 | D:2      | Killed Natasha
  1435 | D:2      | Reached skill level 1 in Polearms
  1662 | D:2      | Noticed Natasha
  1671 | D:2      | Killed Natasha
  1671 | D:2      | Reached XP level 5. HP: 25/28 MP: 6/15
  1683 | D:2      | Noticed Natasha
  1689 | D:2      | Killed Natasha
  1898 | D:3      | Noticed Verendum's ghost (amateur MiGl)
  2138 | D:3      | Killed Verendum's ghost
  2138 | D:3      | Reached skill level 7 in Spellcasting
  2138 | D:3      | Reached XP level 6. HP: 12/33 MP: 11/18
  2245 | D:3      | Quit the game

Skill      XL: |  1  2  3  4  5 |
---------------+----------------+-----
Spellcasting   | 5 6 7 |  7.2
Conjurations   | 2 3 |  3.3
Polearms       | 1 |  1.6
Stealth        | 3 |  3.6
Dodging        | 3 |  3.1
Fighting       | |  0.6
Summonings     | |  1.1
Translocations | |  1.2
Fire Magic     | |  0.1

Action                   |  1- 3 |  4- 6 || total
-------------------------+-------+-------++-------
Melee: Unarmed           |     5 |       ||     5
       Spear             |    50 |    86 ||   136
 Cast: Magic Dart        |   106 |    99 ||   205
       Conjure Flame     |       |     7 ||     7
       Blink             |       |     1 ||     1
 Stab: Sleeping          |     2 |     3 ||     5
  Eat: Chunk             |     1 |     3 ||     4
Armor: Robe              |    11 |    10 ||    21
Dodge: Dodged            |    48 |    42 ||    90
